 Dungeon Crawl Stone Soup version 0.31-a0-963-ga325b2283a (webtiles) character file.

Game seed: 12568594032041096024

27 croobank the Chiller (level 3, 0/21 HPs)
             Began as an Octopode Ice Elementalist on Oct 24, 2023.
             Slain by Sigmund
             ... wielding a +0 scythe
              (9 damage)
             ... on level 2 of the Dungeon.
             The game lasted 00:03:11 (1017 turns).

croobank the Chiller (Octopode Ice Elementalist)    Turns: 1017, Time: 00:03:12

Health: 0/21       AC:  1    Str: 13    XL:     3   Next: 10%
Magic:  1/6        EV: 13    Int: 19    God:
Gold:   32         SH:  0    Dex: 12    Spells: 2/6 levels left

rFire   . . .        l - +2 short sword (protect)
rCold   . . .        (no shield)
rNeg    . . .        (helmet currently unavailable)
rPois   .            (no amulet)
rElec   .            k - +6 ring of strength
rCorr   .            (no ring)
SInv    .            (no ring)
Will    .....        (no ring)
Stlth   +++          (no ring)
HPRegen 0.23/turn    (no ring)
MPRegen 0.10/turn    (no ring)
                     (no ring)

%: no passive effects
@: beast-form
A: beast (slay +0), almost no armour, amphibious, 8 rings, camouflage 1,
gelatinous body 1, (nimble swimmer 1), tentacles
a: Begin Untransformation


You were on level 2 of the Dungeon.
You were a hulking beast.
You visited 1 branch of the dungeon, and saw 2 of its levels.

You collected 32 gold pieces.

Inventory:

Hand Weapons
 e - a +0 flail
 h - a +0 dagger
 l - a +2 short sword of protection (weapon)
Missiles
 g - 13 poisoned darts (quivered)
Jewellery
 k - a +6 ring of strength (left tentacle)
Talismans
 b - a beast talisman (active)
Scrolls
 d - 2 scrolls of identify {unknown}
 f - a scroll of revelation {unknown}
 j - a scroll of teleportation {unknown}
 m - a scroll of poison {unknown}
 n - a scroll of immolation {unknown}
Potions
 a - a potion of magic
 i - a potion of haste {unknown}


   Skills:
 + Level 2.4 Dodging
 + Level 3.3 Stealth
 + Level 2.3 Spellcasting
 + Level 4.2 Ice Magic


You had 2 spell levels left.
You knew the following spells:

 Your Spells              Type           Power      Damage    Failure   Level
a - Freeze                Ice            72%        1d8       2%          1
b - Frozen Ramparts       Ice            36%        1d6       9%          3

Your spell library contained the following spells:

 Spells                   Type           Power      Damage    Failure   Level
 Ozocubu's Armour         Ice            18%        N/A       9%          3
 Summon Ice Beast         Ice/Summ       10%        N/A       56%         4


Dungeon Overview and Level Annotations

Branches:
Dungeon (2/15)

Altars:

Annotations:
D:2 Sigmund


Innate Abilities, Weirdness & Mutations

You are a hulking beast.
Your limbs bulge with bestial killing power. (Slay +0)
You cannot wear most types of armour.
You are amphibious.
You can wear up to eight rings at the same time.
Your skin changes colour to match your surroundings (Stealth+).
Your rubbery body absorbs attacks. (AC +1, EV +1)
((You are camouflaged when in or above water. (Stealth+)))
You have tentacles for arms and can constrict up to eight enemies at once.


Message History

Something hits you!
Ouch! That really hurt!
You see here a frilled lizard corpse.
You feel much better. Something hits you.
Casting: Frozen Ramparts (quite dangerous; 9% risk of failure)
Confirm with . or Enter, or press ? or * to list all spells.
Casting: Frozen Ramparts (quite dangerous; 9% risk of failure)
Press: ? - help, Dir - look around, f - activate The walls around you are covered in ice.
You hit something.
Your weapon exudes an aura of protection.
The wall freezes something.
Something hits you!
You miss something. Your squeeze misses something.
The wall freezes something.
Something hits you.
You barely miss something. You closely miss something. You squeeze something.
The wall freezes something.
Something hits you.
You closely miss something.
The wall freezes something.
Something hits you!
* * * LOW HITPOINT WARNING * * *
Okay, then.
You feel much better.
The frozen ramparts melt away.
Casting: Frozen Ramparts (quite dangerous; 9% risk of failure)
Confirm with . or Enter, or press ? or * to list all spells.
You can't see any susceptible monsters within range! (Use Z to cast anyway.)
Casting: Frozen Ramparts (quite dangerous; 9% risk of failure)
Confirm with . or Enter, or press ? or * to list all spells.
Aiming: Freeze (safe; 2% risk of failure)
Press: ? - help, Shift-Dir - straight line There's nothing close enough!
Something hits you!
Unknown command.
You miss something. Something barely misses you.
You completely miss something. You closely miss something.
Something hits you but does no damage.
You closely miss something. Something hits you.
You miss something. Your squeeze misses something.
Okay, then.
Okay, then.
You barely miss something. Something barely misses you.
You barely miss something. Something hits you!
You die...

#.# ##########.. #.#
#.# ##. #(# ## #.#
############ #.#
#.........)# #.#
#.##........ #.#
#.#...####.#
####{#####......###.#
#...h...........##<..
#.##.#####...........
#.# #.#...###... #.#
#.##.## ##.# ..#
#.##.# #.# ### #.....
..# ####.## ### #.#
#.


There were no monsters in sight!

Vanquished Creatures
  A worm (D:2)
  2 dart slugs
  2 endoplasms
  3 giant cockroaches
  3 kobolds (D:2)
  A ball python (D:1)
  2 bats
  A frilled lizard (D:2)
  3 goblins (D:1)
  2 rats (D:1)
20 creatures vanquished.

Notes
Turn   | Place    | Note
-------+----------+-------------------------------------------
     0 | D:1      | croobank the Octopode Ice Elementalist began the quest for
                  | the Orb.
     0 | D:1      | Reached XP level 1. HP: 11/11 MP: 3/3
   316 | D:1      | Reached XP level 2. HP: 17/17 MP: 3/5
   969 | D:2      | Reached XP level 3. HP: 17/21 MP: 4/6
   973 | D:2      | Learned a level 3 spell: Frozen Ramparts
   995 | D:2      | Noticed Sigmund
   999 | D:2      | HP: 1/21 [something (10)]
  1017 | D:2      | Slain by Sigmund

Illustrated notes

Levels and vault maps discovered:
D:1:      lightli_arrival_quake, layout_loops_ring
D:2:      layout_loops_ring, basic_altar, uniq_sigmund

Skill      XL: |  1 |
---------------+----+-----
Stealth        | 3 |  3.3
Dodging        | |  2.4
Spellcasting   | |  2.3
Ice Magic      | |  4.2

Action                     || total
---------------------------++-------
  Melee: Flail             ||    10
         Constrict         ||     6
         Tentacles         ||     3
         Short sword       ||    21
  Throw: Dart              ||     1
   Cast: Freeze            ||    10
         Frozen Ramparts   ||     2
    Use: Potion            ||     3
   Stab: Sleeping          ||     7
 Armour: Skin              ||    18
  Dodge: Dodged            ||    14
   Form: Beast             ||     1

Table legend: (Time is in decaauts)
 A = Elapsed time spent in this place.
 B = Non-inter-level travel time spent in this place.
 C = Inter-level travel time spent in this place.
 D = Time resting spent in this place.
 E = Time spent auto-exploring this place.
 F = Levels seen in this place.
 G = Mean time per level.
                   A        B        C        D        E       F      G
               +--------+--------+--------+--------+--------+-----+--------+
         Total |   1019 |    986 |     33 |     34 |    755 |   2 |  509.5 |
       Dungeon |   1019 |    986 |     33 |     34 |    755 |   2 |  509.5 |
               +--------+--------+--------+--------+--------+-----+--------+

Top non-repeatable levels by time:
     D:1: 729 daAuts
     D:2: 290 daAuts
